Map: Automaton LE

Players

llllllllllll

  • Race: Terran Terran
  • League: Grandmaster
  • Spawn Location: 3:00

Lambo - Winner!

  • Race: Zerg Zerg
  • League: Master
  • Spawn Location: 9:00

VOD

Have the link to the VOD?

Description

Time

  • Played on: Nov. 29, 2018, 8:21 a.m.
  • Length: 17:33
Show
View Real Time Build Order
Export as new Build Order

llllllllllll Terran 

Build Orders: Hellion Opening 

Get SALT Encoding   

  12  0:00  SCV  
  13  0:13  SCV  
  14  0:17  Supply Depot  
  14  0:25  SCV  
  15  0:29  Refinery  
  15  0:39  SCV  
  16  0:46  Barracks  
  16  0:52  SCV  
  17  1:04  SCV  
  18  1:16  SCV  
  20  1:35  Orbital Command, Reaper  
  20  1:45  Command Center  
  20  1:55  Factory  
  20  2:01  SCV  
  21  2:08  Barracks Reactor  
  21  2:11  Supply Depot  
  21  2:13  Supply Depot  
  21  2:14  SCV  
  22  2:20  Refinery  
  22  2:26  SCV  
  23  2:38  SCV  
  24  2:45  Starport  
  24  2:50  Hellion, SCV  
  24  2:51  Hellion  
  29  2:52  Marine  
  30  2:59  Orbital Command  
  30  3:02  SCV  
  31  3:12  Hellion  
  33  3:14  Hellion  
  33  3:16  SCV  
  33  3:19  Marine  
  37  3:25  SCV  
  38  3:28  SCV  
  38  3:31  Fusion Core  
  39  3:37  Supply Depot  
  39  3:38  Starport Tech Lab  
  39  3:40  SCV  
  40  3:42  SCV  
  40  3:47  Hellion  
  43  3:50  Hellion  
  45  3:55  Barracks Tech Lab  
  45  3:58  SCV  
  45  3:59  SCV  
  45  4:01  Supply Depot  
  47  4:10  SCV  
  48  4:20  SCV  
  48  4:21  Battlecruiser  
  50  4:26  Hellion x2  
  50  4:28  SCV  
  51  4:35  SCV  
  52  4:40  SCV  
  53  4:45  Command Center  
  53  4:51  Hellion x2  
  57  4:53  SCV  
  57  4:55  SCV  
  57  4:57  Stimpack  
  57  4:59  Marine  
  60  5:04  Supply Depot  
  60  5:08  SCV x2  
  62  5:24  Factory Reactor  
  62  5:25  Supply Depot, Marine  
  62  5:26  Barracks, SCV x2  
  65  5:28  Barracks  
  65  5:42  SCV  
  66  5:44  Battlecruiser  
  66  5:48  Marine  
  66  5:49  SCV  
  64  5:54  SCV  
  64  5:56  Engineering Bay  
  64  5:57  Engineering Bay  
  63  6:00  Orbital Command  
  63  6:01  SCV  
  64  6:05  Refinery x2  
  64  6:06  Marine, SCV  
  66  6:13  SCV  
  67  6:18  Factory Reactor, SCV  
  67  6:23  Terran Infantry Weapons Level 1  
  67  6:25  SCV  
  67  6:26  Marine x2  
  67  6:27  Marine  
  67  6:30  SCV  
  67  6:31  Barracks x2, Orbital Command  
  72  6:33  Terran Infantry Armor Level 1  
  72  6:38  SCV  
  72  6:39  Marine x2  
  75  6:42  SCV  
  75  6:43  Marine  
  75  6:44  Marine  
  75  6:46  Supply Depot  
  78  6:47  Supply Depot  
  78  6:49  Marine  
  78  6:50  SCV  
  78  6:53  Weapon Refit  
  80  6:56  Starport Reactor, Marine  
  80  6:57  Marine, SCV x2  
  84  7:01  Marine  
  84  7:02  Marine, SCV  
  84  7:05  Widow Mine  
  84  7:06  Widow Mine  
  84  7:07  Marine  
  92  7:09  SCV x2  
  92  7:14  Marine, SCV  
  96  7:15  Marine  
  96  7:19  Marine  
  96  7:21  SCV  
  99  7:24  SCV  
  99  7:25  Marine x2  
  99  7:26  SCV  
  99  7:29  Barracks Reactor, Widow Mine x2  
  107  7:30  Barracks Reactor  
  107  7:33  SCV  
  107  7:34  Armory  
  107  7:36  SCV  
  109  7:37  Supply Depot x2  
  109  7:44  Supply Depot  
  109  7:45  Supply Depot  
  109  7:47  Refinery  
  109  7:58  Medivac x2, Marine x2, SCV x2  
  109  7:59  Marine x3, SCV  
  121  8:07  Supply Depot x2, Widow Mine x2, Factory  
  121  8:08  Supply Depot  
  121  8:09  Marine x4  
  121  8:10  SCV  
  130  8:14  SCV x2  
  130  8:17  Marine x3  
  130  8:18  Marine  
  136  8:22  SCV  
  136  8:26  Marine  
  138  8:27  Marine x2  
  138  8:28  Medivac x2  
  138  8:33  Terran Infantry Armor Level 2  
  144  8:45  Marine x4  
  144  8:48  Marine  
  147  8:49  Command Center  
  147  8:50  Marine  
  132  8:58  Marine x3  
  132  8:59  Widow Mine  
  132  9:00  Widow Mine  
  132  9:01  Widow Mine, Drilling Claws  
  141  9:02  Marine  
  141  9:03  Marine x3  
  141  9:05  Marine  
  141  9:08  Marine  
  147  9:16  Marine x3, SCV x3  
  141  9:17  Supply Depot  
  141  9:20  Marine x2  
  141  9:21  Marine x2, Widow Mine x2  
  141  9:22  Widow Mine  
  141  9:23  Marine  
  152  9:26  Marine  
  153  9:33  Marine  
  153  9:34  Marine x2  
  153  9:35  Medivac x2  
  160  9:38  Marine x3  
  160  9:42  Terran Infantry Weapons Level 2, Widow Mine x2  
  160  9:43  Marine  
  168  9:47  Marine  
  169  9:55  Marine x2  
  167  10:03  Marine x3, Widow Mine  
  167  10:04  Marine, Combat Shield  
  167  10:06  Marine  
  167  10:12  Marine  
  167  10:13  Marine x2  
  153  10:14  Marine  
  153  10:15  Orbital Command  
  153  10:17  SCV x2  
  156  10:22  Widow Mine x2  
  156  10:23  Medivac x2, Orbital Command  
  164  10:30  Marine x4  
  164  10:32  Marauder  
  170  10:37  SCV x3  
  170  10:42  Barracks  
  174  10:43  Barracks  
  174  10:44  Barracks, Marine  
  174  10:45  Marine x3  
  174  10:48  Marine  
  174  10:49  SCV  
  179  10:50  Widow Mine x2  
  179  10:54  Marauder  
  179  10:55  Marine x2  
  184  11:01  Marine  
  184  11:02  Marine  
  184  11:03  Marine x2  
  174  11:05  Widow Mine  
  174  11:07  Medivac x2  
  173  11:11  Marine x2  
  173  11:12  Widow Mine  
  173  11:15  Marauder  
  173  11:16  Widow Mine  
  180  11:21  SCV x2  
  180  11:22  SCV x2  
  180  11:25  Marine x3  
  187  11:27  Marine  
  188  11:36  Marine  
  188  11:38  Widow Mine  
  188  11:39  Marauder  
  187  11:40  Widow Mine  
  187  11:43  Widow Mine  
  182  11:48  Medivac x2  
  182  11:53  Marine x3  
  182  11:54  Marine x3  
  164  11:56  Barracks Tech Lab x2, Barracks Reactor  
  164  11:57  Marine  
  164  11:59  Widow Mine  
  164  12:00  Marauder  
  168  12:01  Widow Mine  
  168  12:06  Marine  
  161  12:11  Marine, Widow Mine  
  161  12:14  Marauder, Marine x2  
  166  12:15  Marine x2  
  166  12:16  Marauder  
  166  12:17  Marine  
  166  12:18  Medivac x2  
  166  12:20  Widow Mine  
  166  12:21  Marauder  
  168  12:23  Marine  
  168  12:24  Marine  
  168  12:29  Marine  
  164  12:31  Terran Infantry Weapons Level 3, Marine x2, Terran Infantry Armor Level 3  
  164  12:32  Marine x2  
  164  12:33  Marine x2  
  164  12:34  Command Center  
  164  12:35  Marauder  
  164  12:36  Marine, Widow Mine x2  
  177  12:37  Marauder  
  177  12:43  Marauder  
  177  12:48  Medivac x2, Marine  
  176  12:53  Marine x2  
  176  12:55  Marine x2  
  176  12:57  Marauder  
  173  12:58  Marine  
  173  12:59  Marauder, Marine x2  
  173  13:00  Widow Mine x2  
  173  13:04  Marauder  
  160  13:12  Marine x5  
  149  13:13  Widow Mine  
  149  13:15  Marine x2  
  149  13:16  Marine x2  
  149  13:18  Marauder, Medivac x2  
  158  13:20  Marauder  
  158  13:21  Widow Mine  
  158  13:22  Widow Mine  
  158  13:26  Marauder  
  164  13:28  Marine  
  164  13:29  Marine x2, Concussive Shells  
  164  13:30  Marine x2  
  169  13:35  Widow Mine  
  169  13:37  Marine x4  
  169  13:38  Marine  
  169  13:40  Marauder  
  178  13:41  Marauder  
  178  13:46  Marine  
  178  13:47  Marauder, Marine x2  
  178  13:48  Medivac x2  
  189  13:51  Marine x2  
  189  13:53  Unknown x6  
  182  14:01  Marauder  
  183  14:03  Marauder  
  183  14:08  Marauder  
  183  14:09  Starport  
  185  14:10  Starport, Marine  
  185  14:11  Marine x2  
  185  14:12  Marine  
  185  14:16  Marine  
  184  14:18  Medivac x2  
  184  14:21  Refinery  
  184  14:22  Marauder, Refinery  
  192  14:24  Marauder  
  192  14:25  Marine x5  
  192  14:28  Marine x2  
  192  14:29  Marine  
  192  14:30  Marine  
  200  14:34  Marine  
  200  14:35  Marine  
  197  14:42  Marine  
  197  14:43  Marine x4  
  199  14:48  Medivac  
  199  14:49  Marine  
  199  14:51  Starport Reactor  
  199  14:52  Starport Tech Lab  
  197  14:54  Marine  
  197  14:57  Viking  
  188  15:07  Marine x2  
  175  15:15  Marine x3  
  175  15:21  Marine  
  165  15:23  Marine x6  
  165  15:24  Viking  
  165  15:25  Viking  
  165  15:26  Marine x2  
  165  15:27  Viking  
  179  15:31  Marine  
  179  15:33  Marine x3  
  179  15:34  Viking x2  
  187  15:38  Marine  
  187  15:41  Marine x6  
  194  15:43  Marine  
  194  15:44  Widow Mine x2  
  194  15:46  Marine  
  194  15:49  Marine  
  194  15:51  Marine x2, Liberator  
  194  15:52  Marine  
  194  15:54  Viking  
  194  15:55  Viking, Advanced Ballistics  
  194  15:56  Viking  
  186  15:57  Marine  
  186  15:58  Marine  
  186  15:59  Marauder, Marine  
  186  16:00  Marine  
  186  16:01  Marine  
  193  16:06  Marauder, Marine x2  
  193  16:10  Planetary Fortress  
  200  16:21  Orbital Command  
  200  16:24  Command Center  
  200  16:28  Marauder, Marine  
  200  16:32  Unknown x3  
  189  16:44  Orbital Command  
  186  16:48  Unknown  
  181  16:58  Marine x2  
  181  16:59  Marine  
  181  17:00  Marine, Viking  
  170  17:12  Supply Depot  
  170  17:13  Supply Depot x2  
Show
View Real Time Build Order
Export as new Build Order

Lambo Zerg - Winner!

Build Orders: Hatch First, Brood Lord Corruptor 

Get SALT Encoding   

  12  0:00  Drone  
  13  0:13  Overlord  
  13  0:18  Drone  
  14  0:31  Drone x2  
  16  0:49  Hatchery  
  15  0:52  Drone  
  15  0:56  Drone  
  17  0:59  Drone  
  18  1:10  Extractor  
  17  1:14  Spawning Pool  
  17  1:18  Drone  
  17  1:21  Drone  
  18  1:29  Drone  
  19  1:39  Drone  
  20  1:52  Overlord  
  20  2:01  Queen x2  
  20  2:02  Zergling x4  
  26  2:10  Metabolic Boost  
  26  2:13  Drone  
  26  2:15  Drone  
  28  2:24  Drone  
  28  2:27  Drone  
  30  2:38  Hatchery  
  30  2:42  Drone  
  30  2:46  Drone  
  30  2:50  Queen  
  33  2:56  Overlord  
  33  2:58  Drone  
  34  3:02  Drone  
  34  3:05  Drone  
  36  3:16  Drone x4, Overlord  
  40  3:21  Drone  
  40  3:23  Drone  
  40  3:26  Queen  
  44  3:34  Queen  
  44  3:40  Zergling x4  
  44  3:41  Zergling x2  
  49  3:45  Drone x2  
  49  3:48  Zergling x2  
  52  3:50  Overlord  
  52  3:54  Queen  
  54  3:56  Zergling x2  
  54  3:57  Overlord  
  55  4:03  Drone x2  
  55  4:07  Overlord  
  55  4:08  Overlord  
  57  4:11  Overlord  
  57  4:13  Drone  
  57  4:15  Drone  
  56  4:17  Drone  
  56  4:22  Drone x2  
  56  4:24  Drone x2  
  56  4:26  Drone  
  56  4:28  Drone  
  58  4:31  Drone  
  58  4:35  Drone  
  58  4:37  Spore Crawler  
  58  4:38  Spore Crawler  
  58  4:41  Drone x2  
  58  4:45  Baneling Nest  
  59  4:47  Zergling x2  
  59  4:48  Spore Crawler  
  59  4:52  Zergling x4  
  60  4:55  Drone x2  
  60  4:56  Drone  
  60  4:57  Drone  
  64  5:01  Extractor  
  64  5:03  Extractor, Lair, Drone  
  64  5:04  Drone  
  64  5:07  Zergling x2  
  64  5:08  Drone x2  
  64  5:10  Drone  
  64  5:13  Drone  
  64  5:14  Drone  
  70  5:15  Drone x2  
  70  5:18  Drone x2  
  70  5:19  Drone  
  75  5:24  Drone  
  76  5:29  Queen, Drone x2  
  76  5:33  Drone  
  76  5:34  Drone x3  
  83  5:40  Zergling x4  
  83  5:41  Drone  
  81  5:46  Drone x5  
  82  5:50  Drone x2  
  82  5:53  Drone  
  82  5:56  Extractor, Evolution Chamber  
  83  5:58  Evolution Chamber  
  83  5:59  Drone x2  
  83  6:02  Drone x2  
  86  6:05  Drone  
  86  6:11  Overlord, Hydralisk Den  
  86  6:17  Overlord  
  86  6:19  Overlord  
  86  6:22  Overlord  
  86  6:24  Zerg Melee Weapons Level 1  
  86  6:29  Hatchery, Zerg Ground Armor Level 1, Centrifical Hooks  
  86  6:32  Extractor  
  84  6:34  Overlord  
  84  6:35  Overlord  
  84  6:43  Overlord  
  84  6:45  Grooved Spines  
  84  6:46  Drone x4  
  88  6:47  Drone  
  88  6:53  Drone x2  
  91  6:54  Drone x4  
  91  6:59  Pneumatized Carapace  
  95  7:04  Overlord  
  95  7:08  Hydralisk x4  
  97  7:11  Hydralisk x2  
  107  7:19  Drone x2  
  107  7:20  Zergling x4, Hydralisk  
  107  7:21  Zergling x2  
  112  7:26  Drone x3  
  112  7:27  Drone x2  
  112  7:29  Extractor  
  114  7:32  Infestation Pit, Baneling x3  
  114  7:33  Overseer  
  113  7:40  Drone  
  113  7:41  Drone x3  
  117  7:44  Hydralisk  
  117  7:45  Zergling x8  
  117  7:47  Baneling x3  
  123  7:55  Spore Crawler  
  123  7:56  Muscular Augments  
  120  7:59  Hydralisk x2  
  120  8:00  Zergling x8  
  128  8:06  Overlord x2  
  128  8:07  Overlord  
  128  8:10  Extractor  
  128  8:11  Overlord, Overseer  
  128  8:12  Overlord  
  127  8:17  Hive  
  127  8:21  Hatchery  
  127  8:22  Queen  
  127  8:26  Drone x3  
  131  8:27  Drone x2  
  131  8:29  Zerg Ground Armor Level 2  
  131  8:30  Zerg Missile Weapons Level 1  
  133  8:34  Hydralisk  
  133  8:35  Hydralisk x2  
  133  8:37  Baneling x5  
  133  8:38  Baneling  
  133  8:39  Hydralisk  
  141  8:45  Hydralisk x3  
  147  8:52  Overlord  
  147  8:55  Zergling x18  
  143  9:04  Baneling x2  
  143  9:05  Hydralisk  
  143  9:06  Zergling x18  
  154  9:15  Hatchery  
  153  9:18  Drone x6  
  153  9:19  Drone  
  153  9:22  Spore Crawler  
  157  9:24  Spore Crawler  
  152  9:33  Viper x2  
  152  9:34  Viper, Spire  
  152  9:37  Drone x4  
  152  9:38  Drone x2  
  162  9:44  Hydralisk x2  
  162  9:45  Hydralisk  
  168  9:46  Drone x5  
  168  9:47  Drone  
  173  9:57  Hydralisk x4  
  168  10:00  Hydralisk  
  168  10:05  Zergling x2, Hydralisk  
  168  10:06  Zergling x12  
  170  10:14  Drone x3  
  162  10:15  Queen x2  
  162  10:19  Queen  
  169  10:25  Queen  
  171  10:30  Spore Crawler  
  171  10:31  Overseer x2  
  171  10:32  Zerg Melee Weapons Level 2  
  171  10:35  Overseer  
  170  10:37  Zergling x2, Hydralisk  
  173  10:45  Overlord  
  173  10:47  Baneling x2  
  173  10:48  Baneling x6  
  173  10:50  Overlord  
  173  10:57  Queen  
  173  11:00  Zergling x2  
  173  11:02  Hatchery  
  166  11:09  Overlord  
  166  11:18  Zerg Ground Armor Level 3, Greater Spire, Zergling x24  
  166  11:19  Zergling x22  
  166  11:24  Extractor  
  188  11:28  Overseer  
  188  11:31  Extractor  
  187  11:33  Hydralisk x4  
  187  11:37  Unknown  
  188  11:40  Hydralisk  
  188  11:43  Unknown  
  187  11:48  Unknown  
  183  11:59  Hydralisk x3  
  188  12:05  Overlord  
  188  12:06  Hydralisk x2  
  178  12:25  Drone x9  
  187  12:36  Baneling x11  
  183  12:52  Zergling x36  
  180  13:04  Corruptor x7  
  188  13:06  Overlord  
  180  13:25  Corruptor  
  180  13:26  Corruptor x3  
  188  13:29  Hatchery  
  188  13:32  Spore Crawler  
  186  13:39  Extractor  
  185  13:41  Extractor  
  185  13:42  Zerg Melee Weapons Level 3  
  184  13:51  Brood Lord x4  
  184  13:54  Zergling x18  
  190  13:57  Overlord x2  
  190  13:58  Overlord  
  190  14:08  Drone  
  182  14:20  Overseer  
  194  14:24  Brood Lord x6  
  194  14:29  Corruptor  
  194  14:31  Zergling x10  
  192  14:42  Zergling x20  
  199  14:53  Baneling  
  199  14:54  Baneling x4  
  189  15:20  Hydralisk  
  189  15:21  Hydralisk x3  
  189  15:32  Spore Crawler x2  
  176  15:45  Hydralisk x4  
  167  15:59  Drone x13  
  167  16:00  Spore Crawler  
  179  16:05  Hydralisk, Baneling x5, Overseer  
  179  16:06  Zergling x2  
  182  16:19  Hatchery  
  182  16:23  Zergling x2  
  173  16:41  Baneling x3  
  173  16:42  Overlord x2  
  173  16:43  Overlord x3  
  169  16:50  Overlord x4  
  158  16:54  Zergling x2  
  158  16:55  Zergling x12  
  156  17:05  Zergling x8  
  156  17:16  Baneling x8  
  156  17:20  Unknown, Overseer  
  154  17:24  Unknown x2  
Tags
 
Add a new tag
Caveats
  • Supply blocks, unpowered buildings, or Contaminate may cause inaccurate times.
  • Supply counts are checked every 10 seconds.